 Dungeon Crawl Stone Soup version 0.20-a0-785-g17250f0 (webtiles) character file.

3239 Alarkh the Summoner (level 9, -1/57 HPs)
             Began as a Mummy Summoner on Feb 27, 2017.
             Was an Initiate of Gozag.
             Slain by an orc warrior
             ... wielding a +0 long sword
              (22 damage)
             ... on level 8 of the Dungeon.
             The game lasted 00:15:15 (8516 turns).

Alarkh the Summoner (Mummy Summoner)                Turns: 8516, Time: 00:15:16

Health: -1/57      AC:  9    Str: 12    XL:     9   Next: 67%
Magic:  19/22      EV: 12    Int: 17    God:    Gozag
Gold:   536        SH:  0    Dex: 12    Spells: 16/27 levels left

rFire    x . .     SeeInvis +   a - +4 dagger (venom)
rCold    + . .     Gourm    .   x - +2 robe {rN+}
rNeg     + + +     Faith    .   (no shield)
rPois    ∞         Spirit   .   p - +2 helmet
rElec    .         Reflect  .   (no cloak)
rCorr    .         Harm     .   A - +0 pair of gloves
MR       +....                  m - +0 pair of boots
Stlth    ++........             r - amulet of regeneration
Regen    0.6/turn               o - ring of see invisible
MPRegen  0.2/turn               l - ring of wizardry

@: no status effects
A: no food or potions, fire vulnerability, cold resistance 1, negative energy
resistance 3, torment resistance, unbreathing
a: Potion Petition, Call Merchant, Bribe Branch, Renounce Religion


You were on level 8 of the Dungeon.
You worshipped Gozag.
Gozag was pleased with you.
You were not hungry.

You visited 2 branches of the dungeon, and saw 9 of its levels.

You collected 712 gold pieces.
You spent 44 gold pieces at shops.
You paid 132 gold pieces to Gozag.

Inventory:

Hand Weapons
 a - a +4 dagger of venom (weapon)
 d - a +1 dagger of protection
 h - a -1 mace
 t - a +1 long sword of freezing
 D - a +0 quarterstaff
Armour
 k - a +0 robe
 m - a +0 pair of boots (worn)
 p - a +2 helmet (worn)
 x - a +2 robe of positive energy (worn)
 A - a +0 pair of gloves (worn)
Jewellery
 l - a ring of wizardry (left hand)
 o - a ring of see invisible (right hand)
 r - an amulet of regeneration (around neck)
 y - an uncursed ring of teleportation
 C - an uncursed ring of protection from magic
Wands
 j - a wand of acid (7/15)
Scrolls
 c - 3 scrolls of remove curse
 e - a scroll of identify
 f - a scroll of fog
 g - 2 scrolls of amnesia
 i - 6 scrolls of teleportation
 n - 3 scrolls of blinking {unknown}
 q - a scroll of recharging {unknown}
 s - a scroll of noise {unknown}
 u - a scroll of enchant armour {unknown}
 v - 2 scrolls of fear {unknown}
 w - a scroll of magic mapping {unknown}
 B - a scroll of holy word {unknown}
Books
 b - a book of Callings

   Spells                             Type                      Level
   a - Summon Small Mammal            Summoning                    1
   b - Call Imp                       Summoning                    2
   c - Call Canine Familiar           Summoning                    3
   d - Summon Guardian Golem          Hexes/Summoning              3
   e - Summon Lightning Spire         Summoning/Air                4
   f - Summon Ice Beast               Ice/Summoning                4
 z - a book of Minor Magic

   Spells                             Type                      Level
   a - Magic Dart                     Conjuration                  1
   b - Blink                          Translocation                2
   c - Call Imp                       Summoning                    2
   d - Slow                           Hexes                        2
   e - Conjure Flame                  Conjuration/Fire             3
   f - Mephitic Cloud                 Conjuration/Poison/Air       3


   Skills:
 * Level 1.0 Staves
 - Level 1.5 Dodging
 - Level 1.5 Stealth
 + Level 9.7 Spellcasting
 * Level 9.9 Summonings


You had 16 spell levels left.
You knew the following spells:

 Your Spells              Type           Power        Failure   Level  Hunger
a - Call Canine Familiar  Summ           #####...     1%          3    N/A
b - Summon Small Mammal   Summ           ####         1%          1    N/A
c - Summon Guardian Gole  Hex/Summ       ####....     1%          3    N/A
d - Summon Ice Beast      Ice/Summ       ####....     6%          4    N/A

Dungeon Overview and Level Annotations

Branches:
Dungeon (8/15)             Temple (1/1) D:7
   Lair: D:8-11

Altars:
Ashenzari
Cheibriados
Dithmenos
Elyvilon
Fedhas
Gozag
Hepliaklqana
Kikubaaqudgha
Makhleb
Nemelex Xobeh
Okawaru
Qazlal
Ru
Sif Muna
Trog
Uskayaw
Vehumet
Wu Jian
Xom
Yredelemnul
Zin
The Shining One

Shops:
D:8 (


Innate Abilities, Weirdness & Mutations

You do not eat or drink.
Your flesh is vulnerable to fire.
You are immune to poison.
Your flesh is cold resistant. (rC+)
You are immune to negative energy. (rN+++)
You are immune to unholy pain and torment.
You can survive without breathing.


Message History

Your wolf bites the orc wizard!
The orc wizard dies!
There is an open door here.
The orc warrior looks more healthy.
Casting: Call Canine Familiar
Confirm with . or Enter, or press ? or * to list all spells.
Unknown command.
Your wolf barely misses the orc warrior.
The orc priest miscasts a cantrip.
Your wolf bites the orc warrior but does no damage.
The orc priest invokes the aid of Beogh against you.
Beogh smites you!
Your wolf barely misses the orc warrior.
The orc priest calls down the wrath of Beogh upon you.
Beogh smites you!
Your wolf bites the orc warrior.
Your wolf bites the orc warrior!
The orc warrior hits you with a long sword!!
You die...
Your body crumbles into a pile of gold.

.......#....#...........
........+....#...........
........#+####o.)........
#............o..########
#...............#....#
#......>........#....#
#...........)h..#....#
+............o..#....#
#............@..#'############
#.....##+###..................
####.....#....#..................
.........#....#.<................
.........#....'..................
.........####'#..................
.)..######....#.............%####
....h...#.....#.......########
....#...#..!..#.......#


You could see an orc warrior, an orc priest, an orc and a friendly wolf.

Vanquished Creatures
  A hippogriff (D:7)
  Duvessa (D:5)
  3 orc warriors
  A sky beast (D:6)
  4 ogres
  3 centaurs
  A crocodile (D:8)
  2 big kobolds (D:5)
  3 bullfrogs
  A scorpion (D:8)
  Dowan (D:5)
  3 killer bees (D:7)
  A howler monkey (D:5)
  3 crimson imps
  A quasit (D:6)
  A jelly (D:7)
  3 orc priests
  A hound (D:6)
  6 orc wizards
  2 bullfrog skeletons
  A centaur skeleton (D:4)
  8 worker ants
  A hound zombie (D:5)
  A worker ant zombie (D:5)
  Robin (D:3)
  9 adders
  A shadow imp (D:5)
  An ooze (D:3)
  A worm (D:4)
  A dart slug (D:3)
  A leopard gecko (D:8)
  28 orcs
  2 ball pythons
  7 bats
  6 giant cockroaches
  12 goblins
  12 hobgoblins
  3 jackals
  7 quokkas
  6 frilled lizards
  2 jackal skeletons
  9 kobolds
  A leopard gecko skeleton (D:4)
  2 quokka skeletons
  13 rats
178 creatures vanquished.

Vanquished Creatures (collateral kills)
  An orc warrior (D:5)
  2 phantoms
  2 ogres (D:5)
  Blork the orc (D:5)
  A bullfrog (D:6)
  A killer bee (D:7)
  A bullfrog skeleton (D:8)
  2 jellies
  An orc priest (D:4)
  An orc wizard (D:8)
  A killer bee zombie (D:7)
  A hound skeleton (D:4)
  2 adders
  A shadow imp (D:5)
  An ooze (D:2)
  A dart slug (D:2)
  A leopard gecko (D:8)
  5 orcs
  A giant cockroach (D:2)
  2 goblins (D:2)
  3 jackals
  4 kobolds
  2 quokkas
  A ball python (D:2)
  3 bats
  3 frilled lizards (D:2)
  3 rats
48 creatures vanquished.

Vanquished Creatures (others)
  A quokka (D:6)
1 creature vanquished.

Grand Total: 227 creatures vanquished

Notes
Turn   | Place    | Note
-------+----------+-------------------------------------------
     0 | D:1      | Alarkh the Mummy Summoner began the quest for the Orb.
     0 | D:1      | Reached XP level 1. HP: 13/13 MP: 4/4
   281 | D:1      | Reached XP level 2. HP: 17/19 MP: 4/6
  1263 | D:2      | Reached XP level 3. HP: 23/24 MP: 8/8
  1268 | D:2      | Learned a level 3 spell: Call Canine Familiar
  1903 | D:3      | Reached XP level 4. HP: 17/30 MP: 10/10
  2044 | D:3      | Learned a level 3 spell: Summon Guardian Golem
  2049 | D:3      | Learned a level 4 spell: Summon Ice Beast
  2185 | D:3      | Noticed Robin
  3130 | D:3      | Killed Robin
  3130 | D:3      | Reached XP level 5. HP: 26/35 MP: 12/12
  3236 | D:4      | Reached skill level 5 in Spellcasting
  3525 | D:4      | Reached skill level 5 in Summonings
  3733 | D:4      | Reached XP level 6. HP: 21/41 MP: 9/13
  4290 | D:4      | Noticed a moth of wrath
  4293 | D:4      | Found a bloodstained altar of Trog.
  4694 | D:5      | Entered Level 5 of the Dungeon
  4763 | D:5      | Noticed Duvessa
  4763 | D:5      | Noticed Dowan
  4787 | D:5      | Killed Dowan
  4791 | D:5      | Killed Duvessa
  4791 | D:5      | Reached XP level 7. HP: 12/46 MP: 11/16
  5135 | D:5      | Noticed Blork the orc
  5144 | D:5      | Killed Blork the orc
  5991 | D:5      | Reached XP level 8. HP: 33/52 MP: 13/18
  6846 | D:6      | Found a white marble altar of Elyvilon.
  7247 | D:7      | Found a basalt altar of Yredelemnul.
  7331 | D:7      | Reached XP level 9. HP: 49/57 MP: 21/21
  7435 | D:7      | Found a staircase to the Ecumenical Temple.
  7465 | Temple   | Entered the Ecumenical Temple
  7552 | Temple   | Became a worshipper of Gozag Ym Sagoz the Greedy
  8408 | D:8      | Found Vuorosuchi's Weapon Shoppe.
  8411 | D:8      | Bought a +0 quarterstaff for 44 gold pieces
  8466 | D:8      | Reached skill level 1 in Staves
  8516 | D:8      | Slain by an orc warrior

Vault maps used:
D:1:      minmay_arrival_stone_box, minmay_tetromino_l2
D:2:      first_bread, minmay_joined_circles
D:3:      grunt_decor_fettered, uniq_robin
D:4:      tgw_trog
D:5:      cheibrodos_thug_alley, uniq_duvessa, uniq_blork_the_orc
D:6:      elyvilon_altar_4
D:7:      minmay_temple_entry_grid, basic_altar
D:8:      serial_shops, nicolae_shop_statue_plus, kennysheep_mini
Temple:   compressed_dpeg_circular_temple

Skill      XL: |  1  2  3  4  5  6  7  8  9 |
---------------+----------------------------+-----
Spellcasting   | 3 4 5 6 7 8 9 |  9.7
Summonings     | 4 5 6 7 8 9 |  9.9
Staves         | 1 |  1.0
Dodging        | |  1.5
Stealth        | |  1.5

Action                   |  1- 3 |  4- 6 |  7- 9 || total
-------------------------+-------+-------+-------++-------
Melee: Dagger            |    40 |   198 |   410 ||   648
       Unarmed           |     1 |       |       ||     1
       Mace              |    78 |       |       ||    78
 Cast: Summon Small Mamm |    20 |       |     9 ||    29
       Call Canine Famil |     6 |     9 |    29 ||    44
       Summon Ice Beast  |       |       |     2 ||     2
  Use: Scroll            |     4 |     3 |     3 ||    10
 Stab: Sleeping          |     2 |     1 |     2 ||     5
       Distracted        |     1 |     1 |     4 ||     6
Armor: Robe              |    37 |    26 |   153 ||   216
Dodge: Dodged            |   106 |   117 |   297 ||   520
